 Dungeon Crawl Stone Soup version 0.28-a0-883-gc8d7bad45d (webtiles) character file.

Game seed: 8217070151603400212

89 Anon1729 the Insei (level 4, 0/29 HPs)
             Began as an Octopode Transmuter on Nov 21, 2021.
             Was a Believer of Lugonu.
             Slain by a centaur (2 damage)
             ... on level 3 of the Dungeon.
             The game lasted 00:02:03 (2785 turns).

Anon1729 the Insei (Octopode Transmuter)            Turns: 2785, Time: 00:02:04

Health: 0/29       AC:  1    Str:  9    XL:     4   Next: 55%
Magic:  7/7        EV: 13    Int: 16    God:    Lugonu [**....]
Gold:   80         SH:  0    Dex: 12    Spells: 0/7 levels left

rFire   . . .      SeeInvis .     - Unarmed
rCold   . . .      Faith    .   (no shield)
rNeg    . . .      Spirit   .   (helmet restricted)
rPois   .          Reflect  .   c - amulet of magic regeneration
rElec   .          Harm     .   (no ring)
rCorr   .          Rampage  .   (no ring)
Will    .....                   (no ring)
Stlth   ++........              (no ring)
HPRegen 0.09/turn               (no ring)
MPRegen 0.35/turn               (no ring)
                                (no ring)
                                (no ring)

@: no status effects
A: almost no armour, amphibious, 8 rings, camouflage 1, gelatinous body 1,
(nimble swimmer 1), tentacles
a: Renounce Religion, Depart the Abyss, Bend Space


You were on level 3 of the Dungeon.
You worshipped Lugonu.
Lugonu was pleased with you.
You visited 1 branch of the dungeon, and saw 3 of its levels.

You collected 80 gold pieces.

Inventory:

Jewellery
 c - an amulet of magic regeneration (around mantle)
 e - a ring of fire
Scrolls
 a - 3 scrolls of identify {unknown}
 b - 2 scrolls of teleportation {unknown}
 f - a scroll of fear {unknown}
Potions
 d - a potion of degeneration {unknown}
 g - a potion of curing {unknown}
 h - a potion of invisibility {unknown}
 i - a potion of brilliance {unknown}


   Skills:
 + Level 1.8 Fighting
 + Level 2.3 Dodging
 * Level 3.6 Unarmed Combat
 + Level 2.4 Spellcasting
 * Level 2.6 Transmutations
 + Level 0.6 Fire Magic
 + Level 1.1 Poison Magic


You couldn't memorise any spells.
You knew the following spells:

 Your Spells              Type           Power      Damage    Failure   Level
a - Beastly Appendage     Tmut           20%        N/A       7%          1
b - Mephitic Cloud        Conj/Pois/Air  3%         N/A       45%         3
c - Spider Form           Tmut/Pois      7%         N/A       28%         3

Your spell library contained the following spells:

 Spells                   Type           Power      Damage    Failure   Level
 Wereblood                Tmut           10%        N/A       11%         2
 Passwall                 Tmut/Erth      5%         N/A       19%         2
 Sandblast                Erth           2%         2d4       21%         1
 Shock                    Conj/Air       4%         1d3       21%         1
 Ignite Poison            Fire/Tmut/Pois 6%         N/A       32%         3
 Stone Arrow              Conj/Erth      2%         3d7       52%         3
 Swiftness                Air            1%         N/A       52%         3
 Ice Form                 Ice/Tmut       6%         N/A       75%         4
 Airstrike                Air            0%         N/A       89%         4
 Fireball                 Conj/Fire      1%         3d3       99%         5
 Freezing Cloud           Conj/Ice/Air   0%         6-21      99%         5
 Starburst                Conj/Fire      1%         6d3       100%        6
 Ignition                 Fire           2%         3d3       100%        8


Dungeon Overview and Level Annotations

Branches:
Dungeon (3/15)

Altars:
Lugonu


Innate Abilities, Weirdness & Mutations

You cannot wear most types of armour.
You are amphibious.
You can wear up to eight rings at the same time.
Your skin changes colour to match your surroundings (Stealth+).
Your rubbery body absorbs attacks. (AC +1, EV +1)
((You are camouflaged near water. (Stealth+)))
You have tentacles for arms and can constrict up to eight enemies at once.


Message History

The centaur kicks you but does no damage.
You tentacle-slap the centaur but do no damage.
The centaur is lightly wounded.
The centaur closely misses you. The centaur kicks you.
You tentacle-slap the centaur.
The centaur is moderately wounded.
The centaur misses you. The centaur barely misses you.
You tentacle-slap the centaur.
The centaur is heavily wounded.
The centaur hits you. The centaur kicks you. The centaur hits you.
The centaur kicks you.
You are too injured to fight recklessly!
You are too injured to fight recklessly!
You are too injured to fight recklessly!
You are too injured to fight recklessly!
You are too injured to fight recklessly!
You are too injured to fight recklessly!
You are too injured to fight recklessly!
You are too injured to fight recklessly!
You are too injured to fight recklessly!
You are too injured to fight recklessly!
A centaur is nearby!
A centaur is nearby!
You completely miss the centaur.
The centaur is heavily wounded.
The centaur hits you but does no damage.
The centaur misses you.
You tentacle-slap the centaur.
The centaur is heavily wounded.
The centaur closely misses you. The centaur kicks you.
* * * LOW HITPOINT WARNING * * *
You tentacle-slap the centaur.
The centaur is severely wounded.
The centaur hits you.
* * * LOW HITPOINT WARNING * * *
The centaur misses you. The centaur closely misses you. x2
You tentacle-slap the centaur but do no damage.
The centaur is severely wounded.
The centaur misses you. The centaur kicks you.
You die...

#.....# ######.. #####.#
#.. #.# #.. ### #.# #..
#.#######.###.#####..# #..
#....................# ##.
########.....#.####.## #.
#.....#.####.###########.
#.#.....@c...#.†..<.##...
#.#####.######.####.##...
#.###...## ###...(...#...
#.....#..###.............
###.##.##.##.#.#..#..#...
##.##.⌠.##.#......#..##..
##.####.####..#.......###.
#..#.#.###.#..........###.
#.#.⌠.###.⌠.#.###..####...


You could see a centaur.

Vanquished Creatures
  3 gnolls (D:3)
  2 adders (D:2)
  2 dart slugs
  6 ball pythons
  3 endoplasms
  A giant cockroach (D:2)
  5 goblins
  6 hobgoblins
  2 kobolds
  4 bats
  A frilled lizard (D:1)
  3 rats
38 creatures vanquished.

Notes
Turn   | Place    | Note
-------+----------+-------------------------------------------
     0 | D:1      | Anon1729 the Octopode Transmuter began the quest for the
                  | Orb.
     0 | D:1      | Reached XP level 1. HP: 13/13 MP: 3/3
   163 | D:1      | Reached XP level 2. HP: 14/18 MP: 5/5
   994 | D:2      | Reached XP level 3. HP: 20/23 MP: 4/6
   998 | D:2      | Learned a level 3 spell: Mephitic Cloud
  1865 | D:2      | Found a faded altar of an unknown god.
  1875 | D:2      | Prayed at the altar of an unknown god.
  1875 | D:2      | Became a worshipper of Lugonu the Unformed
  1875 | D:2      | Reached * piety under Lugonu
  1875 | D:2      | Reached ** piety under Lugonu
  2418 | D:3      | Reached skill level 1 in Poison Magic
  2418 | D:3      | Reached XP level 4. HP: 18/29 MP: 7/7
  2428 | D:3      | Learned a level 3 spell: Spider Form
  2775 | D:3      | Noticed a centaur
  2784 | D:3      | HP: 1/29 [centaur (6)]
  2785 | D:3      | Slain by a centaur

Illustrated notes

Levels and vault maps discovered:
D:1:      co_arrival_hall_of_pillars, layout_loops_ring, minmay_misc_feat_rows,
          minmay_misc_feat_doors
D:2:      layout_basic, serial_co_window_serial, co_window_paths_a,
          co_window_corner_a, co_window_of_opportunity_a, co_window_paths_a,
          co_window_paths_a, co_window_broadway_b, co_window_broadway_a,
          co_window_of_opportunity_c, glass_columns_a, glass_columns_b,
          chequers_ecumenical_altar_lobes
D:3:      layout_loops_cross, grunt_decor_mini_mirrors,
          wad_floor_pattern_untrapped

Skill      XL: |  1  2  3 |
---------------+----------+-----
Poison Magic   | 1 |  1.1
Fighting       | |  1.8
Dodging        | |  2.3
Unarmed Combat | |  3.6
Spellcasting   | |  2.4
Transmutations | |  2.6
Fire Magic     | |  0.6

Action                   |  1- 3 |  4- 6 || total
-------------------------+-------+-------++-------
Melee: Unarmed           |    88 |    22 ||   110
       Constrict         |    23 |     4 ||    27
       Tentacles         |     8 |     3 ||    11
       Kick              |     6 |     1 ||     7
       Punch             |     1 |       ||     1
 Cast: Beastly Appendage |     3 |       ||     3
 Stab: Sleeping          |     8 |       ||     8
Armor: Skin              |     2 |     3 ||     5
Dodge: Dodged            |    51 |    18 ||    69

Table legend: (Time is in decaauts)
 A = Elapsed time spent in this place.
 B = Non-inter-level travel time spent in this place.
 C = Inter-level travel time spent in this place.
 D = Time resting spent in this place.
 E = Time spent auto-exploring this place.
 F = Levels seen in this place.
 G = Mean time per level.
                   A        B        C        D        E       F      G
               +--------+--------+--------+--------+--------+-----+--------+
         Total |   2777 |   2745 |     32 |    199 |   2246 |   3 |  925.7 |
       Dungeon |   2777 |   2745 |     32 |    199 |   2246 |   3 |  925.7 |
               +--------+--------+--------+--------+--------+-----+--------+

Top non-repeatable levels by time:
     D:2: 1246 daAuts
     D:1: 841 daAuts
     D:3: 689 daAuts
